 Dungeon Crawl Stone Soup version 0.29.1-1-gd02db6906a (webtiles) character file.

Game seed: 14021297120658938851

415 Ashen the Changer (level 6, -2/43 HPs)
             Began as a Demonspawn Transmuter on Oct 8, 2022.
             Was a Follower of Fedhas.
             Slain by a black bear (6 damage)
             ... on level 6 of the Dungeon.
             The game lasted 00:06:54 (2675 turns).

Ashen the Changer (Demonspawn Transmuter)           Turns: 2675, Time: 00:06:55

Health: -2/43      AC:  2    Str: 11    XL:     6   Next: 60%
Magic:  11/11      EV: 12    Int: 16    God:    Fedhas [*.....]
Gold:   111        SH:  0    Dex: 13    Spells: 8/12 levels left

rFire   . . .      SeeInvis .     - Unarmed
rCold   . . .      Faith    .   (no shield)
rNeg    . . .      Spirit   .   a - +0 robe
rPois   .          Reflect  .   (helmet currently unavailable)
rElec   .          Harm     .   (no cloak)
rCorr   .          Rampage  .   (no gloves)
Will    .....                   (boots currently unavailable)
Stlth   +.........              (no amulet)
HPRegen 0.14/turn               (no ring)
MPRegen 0.12/turn               (no ring)

@: appendages (expiring), hasted, very quick
A: horns 2, talons 2, hooves 1, powered by death 2, weakness stinger 2
a: End Transformation, Renounce Religion


You were on level 6 of the Dungeon.
You worshipped Fedhas.
Fedhas was aware of your devotion.
You had temporarily grown beastly horns and talons.
You visited 1 branch of the dungeon, and saw 4 of its levels.

You collected 111 gold pieces.

Inventory:

Armour
 a - a +0 robe (worn)
 f - a +2 hat (melded)
Jewellery
 e - a ring of protection from fire
Scrolls
 b - 2 scrolls of identify
 k - a scroll of enchant weapon
 l - a scroll of vulnerability {unknown}
 m - a scroll of magic mapping {unknown}
 p - a scroll of noise {unknown}
Potions
 g - 2 potions of haste
 h - 2 potions of mutation {unknown}
 i - a potion of flight {unknown}
 n - a potion of curing {unknown}
 o - a potion of cancellation {unknown}
 q - a potion of invisibility {unknown}


   Skills:
 - Level 1.5 Fighting
 - Level 2.1 Dodging
 - Level 2.9 Unarmed Combat
 + Level 3.9 Spellcasting
 * Level 5.0 Transmutations


You had 8 spell levels left.
You knew the following spells:

 Your Spells              Type           Power      Damage    Failure   Level
a - Beastly Appendage     Tmut           38%        N/A       2%          1
b - Spider Form           Tmut/Pois      11%        N/A       19%         3

Your spell library contained the following spells:

 Spells                   Type           Power      Damage    Failure   Level
 Wereblood                Tmut           19%        N/A       3%          2
 Scorch                   Fire           6%         2d5       26%         2
 Tukima's Dance           Hex            3%         N/A       45%         3
 Ice Form                 Ice/Tmut       11%        N/A       52%         4
 Flame Wave               Conj/Fire      3%         2d5       86%         4
 Passage of Golubria      Tloc           3%         N/A       86%         4
 Yara's Violent Unravell  Hex/Tmut       5%         3d4       86%         5
 Summon Cactus Giant      Summ           1%         N/A       100%        6


Dungeon Overview and Level Annotations

Branches:
Dungeon (3/15)

Altars:
Fedhas

Shops:
D:1 [

Annotations:
D:6 1 runed translucent door, Crazy Yiuf


Innate Abilities, Weirdness & Mutations

You have temporarily grown beastly horns and talons.
You have large cloven feet.
You regenerate health from kills.
You have a tail ending in a sharp stinger.


Message History

You barely miss the howler monkey. You claw the howler monkey.
You kill the howler monkey!
Fedhas appreciates your contribution to the ecosystem.
You completely miss the phantom.
The phantom is almost destroyed.
The phantom hits you.
* * * LOW HITPOINT WARNING * * *
The phantom blinks!
You blink.
You hit the phantom. Your kick misses the phantom.
Your headbutt misses the phantom.
The phantom is almost destroyed.
The phantom hits you.
* * * LOW HITPOINT WARNING * * *
The phantom blinks!
You blink.
It was a potion of haste.
You feel yourself speed up.
The phantom hits you but does no damage.
You barely miss the phantom. Your kick misses the phantom.
You tail-slap the phantom.
You destroy the phantom!
Fedhas accepts your kill.
Your Transmutations skill increases to level 5!
An ufetubus comes into view.
Press: ? - help, v - describe, . - travel The floor.
Casting: Beastly Appendage (safe; 2% risk of failure)
Confirm with . or Enter, or press ? or * to list all spells.
Okay, then.
The water moccasin hisses angrily.
Blink to where?
Press: ? - help, Dir - move target, f - you
Okay, then.
Blink to where?
Press: ? - help, Dir - move target
As you read the scroll of blinking, it crumbles to dust.
A black bear comes into view.
The black bear growls angrily.
Your transformation is almost over.
The black bear bites you.
You die...
Fedhas appreciates your contribution to the ecosystem.

. #. ". .. .. #.# .####.#$#.#.
#.# .#..........S
##.##.#.##.#.#.#.#
##############.....#.##.......
.....#.........#..##.##...#.#.
###..#.#######....##.##.......
#..#.########.@......<.#
###........S...h....^....#
.....§.......###.#.#.#####
###.##.#####.##.###..# #.##†#
#...## ##.# #.##.# ####.## .##
#.##.#########.#.#
#.#.............#
#.#.#############


You could see a water moccasin and a black bear.

Vanquished Creatures
  A phantom (D:6)
  A howler monkey (D:6)
  A hound (D:6)
  2 adders (D:2)
  A shadow imp (D:6)
  2 worms (D:2)
  3 dart slugs
  2 bats
  3 endoplasms
  4 giant cockroaches
  4 hobgoblins
  4 jackals (D:2)
  A quokka (D:1)
  8 ball pythons
  10 frilled lizards
  2 goblins (D:1)
  A kobold (D:1)
  7 rats
57 creatures vanquished.

Vanquished Creatures (collateral kills)
  Grinder (D:6)
1 creature vanquished.

Vanquished Creatures (others)
  6 plants (D:1)
6 creatures vanquished.

Grand Total: 64 creatures vanquished

Notes
Turn   | Place    | Note
-------+----------+-------------------------------------------
     0 | D:1      | Ashen the Demonspawn Transmuter began the quest for the
                  | Orb.
     0 | D:1      | Reached XP level 1. HP: 15/15 MP: 3/3
   266 | D:1      | Gained mutation: You regenerate a little health from kills.
                  | [demonic ancestry]
   266 | D:1      | Reached XP level 2. HP: 21/21 MP: 5/5
   327 | D:1      | Reached skill level 2 in Transmutations
   376 | D:1      | Found Xyrib's Armour Emporium.
   792 | D:1      | Discovered your monstrous ancestry.
   792 | D:1      | Lost mutation: You have razor-sharp toenails. [demonic
                  | ancestry]
   792 | D:1      | Lost mutation: You have sharp toenails. [demonic ancestry]
   792 | D:1      | Gained mutation: You have large cloven feet. [demonic
                  | ancestry]
   792 | D:1      | Reached XP level 3. HP: 26/26 MP: 6/6
   819 | D:1      | Learned a level 3 spell: Spider Form
  1135 | D:2      | Found a faded altar of an unknown god.
  1158 | D:2      | Prayed at the altar of an unknown god.
  1158 | D:2      | Became a worshipper of Fedhas Madash
  1158 | D:2      | Reached * piety under Fedhas
  1557 | D:2      | Gained mutation: You regenerate health from kills. [demonic
                  | ancestry]
  1557 | D:2      | Reached XP level 4. HP: 20/32 MP: 5/7
  2191 | D:3      | Reached skill level 3 in Transmutations
  2232 | D:3      | You fall into a shaft and drop 3 floors!
  2240 | D:6      | Found a runed translucent door.
  2241 | D:6      | Noticed Crazy Yiuf
  2302 | D:6      | Noticed Grinder
  2302 | D:6      | Paralysed by Grinder for 4 turns
  2353 | D:6      | Killed Grinder
  2354 | D:6      | Reached skill level 4 in Transmutations
  2354 | D:6      | Gained mutation: You have a small tail. [demonic ancestry]
  2354 | D:6      | Reached XP level 5. HP: 8/37 MP: 5/10
  2354 | D:6      | Gained mutation: You have a tail ending in a sharp stinger.
                  | [demonic ancestry]
  2354 | D:6      | Reached XP level 6. HP: 9/43 MP: 5/11
  2630 | D:6      | Noticed a water moccasin
  2655 | D:6      | HP: 2/43 [phantom (1)]
  2658 | D:6      | Reached skill level 5 in Transmutations
  2675 | D:6      | Slain by a black bear

Illustrated notes

Levels and vault maps discovered:
D:1:      dpeg_arrival_rooms_with_view, layout_basic, serial_shops,
          nicolae_shop_waterfront, minmay_lizard_king
D:2:      layout_basic, ebering_ecumenical_altar_rust
D:3:      layout_basic, nicolae_wu_jian_glorious_leap, minmay_misc_feat_room
D:6:      layout_loops_ring, corexii_leaking_fountain, st_stairs_2,
          minivault_19, uniq_crazy_yiuf_cottage, uniq_sigmund, uniq_grinder

Skill      XL: |  1  2  3  4  5  6 |
---------------+-------------------+-----
Dodging        | 2 |  2.1
Transmutations | 2 4 5 |  5.0
Spellcasting   | 3 |  3.9
Fighting       | |  1.5
Unarmed Combat | |  2.9

Action                   |  1- 3 |  4- 6 || total
-------------------------+-------+-------++-------
Melee: Unarmed           |   128 |    74 ||   202
       Kick              |    28 |    18 ||    46
       Headbutt          |    17 |    11 ||    28
       Punch             |     4 |     2 ||     6
       Tailslap          |       |     2 ||     2
 Cast: Beastly Appendage |    18 |     9 ||    27
       Spider Form       |       |     2 ||     2
  Use: Potion            |     1 |     2 ||     3
       Scroll            |       |     6 ||     6
 Stab: Sleeping          |     2 |     1 ||     3
       Distracted        |       |     1 ||     1
Armor: Robe              |    36 |     5 ||    41
       Skin              |    15 |       ||    15
Dodge: Dodged            |   100 |    48 ||   148
